cohdb
Replays
Latest Replays
All Replays
Popular Replays
Top Player Replays
Match Explorer
How It Works
Community
CoH3 Stats
Reddit
Sign in to upload your games and track your stats! →
Sign in with Steam
Match 41759251
Unlisted
Match 41759251
Overview
Messages
Build Orders
End
Pioneer Squad
Construct Infanterie Kompanie
MG 42 Machine Gun Team
Selects Terror Battlegroup
Grenadier Squad
Grenadier Squad
Construct Panzergrenadier Kompanie
251 Medium Carrier
Medical Bunker
Selects Heavy Gunnery
Pak 40 Anti-tank Gun Team
Construct Panzer Kompanie
Panzer IV Medium Tank
Stoßtruppen Squad
Selects Contempt for the Weak
Selects Propaganda Leaflet Drop
Propaganda Leaflet Drop
Stoßtruppen Squad
Stoßtruppen Squad
Panzer IV Medium Tank
Propaganda Leaflet Drop
Pioneer Squad
Panzer IV Medium Tank
Side Skirts
Propaganda Leaflet Drop
Selects No Quarter
Support Elements
Pioneer Squad
Panzer IV Medium Tank
BreadMarshLivePlace
Billy Mitchell
^3
DIV 250 BigBoss
0
0
Comments
sign in to comment!
No comments posted yet!